 Dungeon Crawl Stone Soup version 0.28-a0-1152-g9c71ebef14 (webtiles) character file.

Game seed: 2371917898749810621

124 spaghetti the Covert (level 5, -1/36 HPs)
             Began as an Octopode Delver on Dec 14, 2021.
             Slain by a sky beast (5 damage)
             ... on level 8 of the Dungeon.
             The game lasted 00:01:20 (704 turns).

spaghetti the Covert (Octopode Delver)               Turns: 704, Time: 00:01:20

Health: -1/36      AC:  1    Str: 11    XL:     5   Next: 8%
Magic:  5/5        EV: 13    Int: 14    God:
Gold:   0          SH:  0    Dex: 14    Spells: 4/4 levels left

rFire   . . .      SeeInvis .   a - +0 hand axe {axe}
rCold   . . .      Faith    .   (no shield)
rNeg    . . .      Spirit   .   (helmet restricted)
rPois   .          Reflect  .   (no amulet)
rElec   .          Harm     .   (no ring)
rCorr   .          Rampage  .   (no ring)
Will    .....                   (no ring)
Stlth   +++++.....              (no ring)
HPRegen 0.12/turn               (no ring)
MPRegen 0.09/turn               (no ring)
                                (no ring)
                                (no ring)

@: no status effects
A: almost no armour, amphibious, 8 rings, camouflage 1, gelatinous body 1,
(nimble swimmer 1), tentacles
a: no special abilities


You were on level 8 of the Dungeon.
You visited 1 branch of the dungeon, and saw 3 of its levels.


Innate Abilities, Weirdness & Mutations

You cannot wear most types of armour.
You are amphibious.
You can wear up to eight rings at the same time.
Your skin changes colour to match your surroundings (Stealth+).
Your rubbery body absorbs attacks. (AC +1, EV +1)
((You are camouflaged near water. (Stealth+)))
You have tentacles for arms and can constrict up to eight enemies at once.


   Skills:
 - Level 3.0 Fighting
 - Level 2.0 Axes
 - Level 2.0 Dodging
 + Level 9.5 Stealth


You had 4 spell levels left.
You didn't know any spells.
Your spell library was empty.

Inventory:

Hand Weapons
 a - a +0 hand axe (weapon) {axe}
Wands
 f - a wand of digging (3)
Scrolls
 b - a scroll of fog
 c - a scroll of enchant armour
 d - a scroll of fear
Potions
 e - a potion of haste {@q3}

Dungeon Overview and Level Annotations

Branches:
Dungeon (6/15)             Temple (0/1) D:6

Altars:

Annotations:
D:5 exclusion: ogre, Dowan

#......#
#......#
######......#
........##+###
........'....#
........#....#
........#....#
........###'##
.#+######.@.#
......{..#
.........#
.........#
.........#
.........#
######+###


There were no monsters in sight!


Message History

Found an escape hatch in the ceiling.
A water moccasin zombie comes into view.
You hit the water moccasin zombie. You grab the water moccasin zombie.
You constrict the water moccasin zombie.
The water moccasin zombie bites you!
The water moccasin zombie closely misses you. 😕 HP[-7]
You take 7 damage, and now have 24/31 hp.
MASSIVE DAMAGE!! (PAUSE)
You hit the water moccasin zombie.
You constrict the water moccasin zombie.
The water moccasin zombie bites you but does no damage.
You hit the water moccasin zombie but do no damage.
You constrict the water moccasin zombie.
The water moccasin zombie barely misses you.
The water moccasin zombie bites you. 😮 HP[-3]
You take 3 damage, and now have 21/31 hp.
You hit the water moccasin zombie.
You constrict the water moccasin zombie.
The water moccasin zombie bites you but does no damage.
Unknown command.
You slash the water moccasin zombie!
You constrict the water moccasin zombie.
The water moccasin zombie bites you. 😮 HP[-5]
You take 5 damage, and now have 16/31 hp.
You hit the water moccasin zombie.
You constrict the water moccasin zombie.
The water moccasin zombie misses you. The water moccasin zombie bites you.
* * * LOW HITPOINT WARNING * * *
😨 HP[-5]
You take 5 damage, and now have 11/31 hp.
You hit the water moccasin zombie.
You squeeze the water moccasin zombie, but do no damage.
You constrict the water moccasin zombie.
You destroy the water moccasin zombie!
Your Stealth skill increases to level 9!
You have reached level 5!
You feel agile. 😨 HP[+1] MP[+1]
You now have 36 max hp (+5).
Your mp is fully restored (5).
Unknown command.
You start resting. 😎 HP[+24]
Your hp is fully restored (36).
An ogre comes into view. It is wielding a +0 giant spiked club.
Okay, then.
Unknown command.
Press: ? - help, v - describe, . - travel
Here: an ogre, wielding a +0 giant spiked club (asleep)
The floor.
Placed new exclusion.
Unknown command.
There is an escape hatch in the ceiling here.
A sourceless malevolence fills the Dungeon...
You fall into a shaft and drop 3 floors!
The shaft crumbles and collapses.
Unknown command.
Unknown command.
Okay, then.
Unknown command.
You open the door.
There is an open door here.
You open the door.
A sky beast comes into view.
There is an open door here.
The helpless sky beast fails to defend itself.
You hit the sky beast but do no damage. You squeeze the sky beast!
The sky beast barely misses you.
Unknown command.
You hit the sky beast. The sky beast hits you.
The sky beast shocks you. 😕 HP[-6]
You take 6 damage, and now have 30/36 hp.
Unknown command.
Unknown command.
You hit the sky beast but do no damage. The sky beast hits you.
The sky beast shocks you. 😮 HP[-8]
You take 8 damage, and now have 22/36 hp.
MASSIVE DAMAGE!! (PAUSE) Unknown command.
Unknown command.
You closely miss the sky beast. The sky beast hits you.
The sky beast shocks you.
* * * LOW HITPOINT WARNING * * *
😨 HP[-7]
You take 7 damage, and now have 15/36 hp.
Unknown command.
Unknown command.
You hit the sky beast.
The sky beast flickers out of sight!
Deactivating autopickup; reactivate with Ctrl-A.
Something hits you.
* * * LOW HITPOINT WARNING * * *
Something shocks you.
* * * LOW HITPOINT WARNING * * *
Something hits you.
* * * LOW HITPOINT WARNING * * *
Something shocks you.
You die...

Skill      XL: |  1  2  3  4 |
---------------+-------------+-----
Stealth        | 7 8 9 |  9.5
Fighting       | |  3.0
Axes           | |  2.0
Dodging        | |  2.0

Action                   |  1- 3 |  4- 6 || total
-------------------------+-------+-------++-------
Melee: Hand axe          |     7 |    12 ||    19
       Constrict         |     2 |     1 ||     3
       Tentacles         |     1 |     2 ||     3
  Use: Scroll            |     2 |       ||     2
 Stab: Sleeping          |       |     1 ||     1
Armor: Skin              |     1 |     2 ||     3
Dodge: Dodged            |     4 |     5 ||     9

Levels and vault maps discovered:
D:5:      wad_river_or_something, layout_loops_ring,
          grunt_temple_overflow_champion_of_chaos, uniq_pikel, uniq_sigmund,
          uniq_duvessa
D:6:      layout_rooms, minmay_temple_entry_enclosed_plants
D:8:      cheibrodos_shockbox, layout_gridville, uniq_maggie,
          uniq_prince_ribbit1

Notes
Turn   | Place    | Note
-------+----------+-------------------------------------------
     0 | D:5      | spaghetti the Octopode Delver began the quest for the Orb.
     0 | D:5      | Reached XP level 1. HP: 16/16 MP: 1/1
     0 | D:5      | magus.rc [v1.9.6]
    15 | D:5      | Noticed Dowan
   171 | D:6      | Reached skill level 7 in Stealth
   171 | D:6      | Reached XP level 2. HP: 13/21 MP: 2/2
   172 | D:6      | Noticed a bullfrog
   190 | D:6      | Noticed a water moccasin
   198 | D:6      | Killed a bullfrog
   199 | D:6      | Reached skill level 8 in Stealth
   199 | D:6      | Reached XP level 3. HP: 15/26 MP: 3/3
   199 | D:6      | Reached XP level 4. HP: 18/31 MP: 4/4
   469 | D:5      | Reached skill level 9 in Stealth
   469 | D:5      | Reached XP level 5. HP: 12/36 MP: 5/5
   666 | D:5      | Noticed an ogre
   689 | D:5      | You fall into a shaft and drop 3 floors!
   697 | D:8      | Noticed a sky beast
   704 | D:8      | HP: 8/36 [something (6)]
   704 | D:8      | Slain by a sky beast

Vanquished Creatures
  A bullfrog (D:6)
  A water moccasin zombie (D:5)
  A shadow imp (D:6)
3 creatures vanquished.

Table legend:
 A = Non-vault XP
 B = Vault XP
 C = Vault XP percentage of total XP
 D = Non-vault monster count
 E = Vault monster count
 F = Vault count percentage of total count
                 A         B        C        D         E       F
            +---------+---------+-------+---------+---------+-------
      Total |      99 |      79 |  44.4 |       2 |       1 |  33.3
            +---------+---------+-------+---------+---------+-------
        D:5 |       0 |      79 | 100.0 |       0 |       1 | 100.0
        D:6 |      99 |       0 |   0.0 |       2 |       0 |   0.0
            +---------+---------+-------+---------+---------+-------

Illustrated notes

Table legend:
 A = Kills in this place as a percentage of kills in entire the game.
 B = Kills by you in this place as a percentage of kills by you in the entire game.
 C = Kills by friends in this place as a percentage of kills by friends in the entire game.
 D = Other kills in this place as a percentage of other kills in the entire game.
 E = Experience gained in this place as a percentage of experience gained in the entire game.
 F = Experience gained in this place divided by the number of levels of this place that you have seen.
                   A       B       C       D       E      F
               +-------+-------+-------+-------+-------+----------------------
         Total | 100.0 | 100.0 |   N/A |   N/A | 100.0 |  59.3
       Dungeon | 100.0 | 100.0 |   N/A |   N/A | 100.0 |  59.3
               +-------+-------+-------+-------+-------+----------------------

Table legend: (Time is in decaauts)
 A = Elapsed time spent in this place.
 B = Non-inter-level travel time spent in this place.
 C = Inter-level travel time spent in this place.
 D = Time resting spent in this place.
 E = Time spent auto-exploring this place.
 F = Levels seen in this place.
 G = Mean time per level.
                   A        B        C        D        E       F      G
               +--------+--------+--------+--------+--------+-----+--------+
         Total |    707 |    693 |     14 |    524 |     74 |   3 |  235.7 |
       Dungeon |    707 |    693 |     14 |    524 |     74 |   3 |  235.7 |
               +--------+--------+--------+--------+--------+-----+--------+

Top non-repeatable levels by time:
     D:5: 484 daAuts
     D:6: 207 daAuts
     D:8: 15 daAuts
